 Dungeon Crawl Stone Soup version bcrawl-1.31 (webtiles) character file.

Game seed: 4023473156586473734

116366 AtilaTheSponge the Gusty (level 4, -2/24 HPs)
             Began as an Avariel Air Elementalist on Mar 26, 2021.
             Slain by a sky beast (5 damage)
             ... on level 2 of the Dungeon.
             The game lasted 00:13:50 (1869 turns).

AtilaTheSponge the Gusty (Avariel Air Elementalist) Turns: 1869, Time: 00:13:51

Health: -2/24      AC:  2    Str:  6    XL:     4   Next: 20%
Magic:  11/11      EV: 12    Int: 22    God:
Gold:   111        SH:  0    Dex: 13    Spells: 6/10 levels left

rFire    . . .     SeeInvis .   r - +3 whip (holy)
rCold    . . .     Gourm    .   (no shield)
rNeg     . . .     Faith    .   d - +0 robe
rPois    .         Spirit   .   (no helmet)
rElec    .         Reflect  .   (no cloak)
rCorr    +         Harm     .   (no gloves)
MR       .....                  (no boots)
Stlth    ++........             (no amulet)
HPRegen  0.08/turn              n - ring of resist corrosion
MPRegen  0.12/turn              (no ring)

@: no status effects
A: no striking features
a: no special abilities


You were on level 2 of the Dungeon.
You were not hungry.

You visited 1 branch of the dungeon, and saw 2 of its levels.

You collected 111 gold pieces.

Inventory:

Hand Weapons
 h - a +0 short sword
 p - a cursed -2 dagger
 r - a +3 whip of holy wrath (weapon)
Missiles
 b - a throwing net {=f}
Armour
 a - a +0 robe
 d - a +0 robe (worn)
Jewellery
 n - a ring of resist corrosion (left hand)
Scrolls
 f - 2 scrolls of teleportation {unknown}
 g - a scroll of immolation {unknown}
 i - 2 scrolls of identify
 k - a scroll of remove curse {unknown}
 l - 2 scrolls of blinking {unknown}
 o - a scroll of magic mapping {unknown}
 q - a scroll of amnesia {unknown}
Potions
 c - a potion of flight
Comestibles
 e - 4 rations {!d}
 j - 3 chunks of flesh


   Skills:
 + Level 2.5 Dodging
 - Level 2.2 Stealth
 + Level 3.9 Spellcasting
 + Level 2.5 Conjurations
 + Level 4.9 Air Magic


You had 6 spell levels left.
You knew the following spells:

 Your Spells              Type           Power        Failure   Level  Hunger
a - Shock                 Conj/Air       ###..        2%          1    None
b - Static Discharge      Air            ####....     4%          3    ###....

Your spell library contained the following spells:

 Spells                   Type           Power        Failure   Level  Hunger
 Swiftness                Chrm/Air       ###.....     6%          2    None
 Airstrike                Air            ####......   16%         4    #####..
 Lightning Bolt           Conj/Air       ###.......   56%         5    ######.


Dungeon Overview and Level Annotations

Branches:
Dungeon (2/12)

Altars:
Cheibriados
Dithmenos
Elyvilon
Fedhas
Lugonu
Nemelex Xobeh
Xom


Message History

Casting: Shock (safe; 2% risk of failure)
Confirm with . or Enter, or press ? or * to list all spells.
You can't see any susceptible monsters within range! (Use Z to cast anyway.)
Casting: Shock (safe; 2% risk of failure)
Confirm with . or Enter, or press ? or * to list all spells.
Okay, then.
There is an open door here.
You closely miss the sky beast. The sky beast closely misses you.
You hit the sky beast.
The sky beast is lightly wounded.
The sky beast flickers out of sight!
Deactivating autopickup; reactivate with Ctrl-A.
Something hits you but does no damage.
You barely miss something. Something hits you. Something shocks you.
You barely miss something. Something hits you. Something shocks you.
* * * LOW HITPOINT WARNING * * *
Something hits you.
* * * LOW HITPOINT WARNING * * *
Something shocks you.
You die...

..##.##.#####
#....##.#####
###[..<.....# #.##[##.#
#..##.###.# #.##'####
#..##.###.# #)#....###
#.##<#.##.####.#....'.#
#..##.###..#...'....#.#
###......###.#.#.#....#
..
...........#.#.#{###'##
..
###........#.#.#@....#
. #...#..###.#.#.#.###
#.#.#....#.#.#####
#.#....#...#..#
#.###.#######... #.#
#.# .#.# #.# #.# .#.#.
#.# #.# .#.#########
#.###.# #.
.#.........#####


There were no monsters in sight!

Vanquished Creatures
  An adder (D:2)
  2 worms
  4 dart slugs
  2 leopard geckos (D:2)
  3 bats
  3 giant cockroaches
  6 goblins
  4 hobgoblins
  2 jackals
  7 kobolds
  2 quokkas (D:2)
  A ball python (D:1)
  3 rats
40 creatures vanquished.

Notes
Turn   | Place    | Note
-------+----------+-------------------------------------------
     0 | D:1      | AtilaTheSponge the Avariel Air Elementalist began the quest
                  | for the Orb.
     0 | D:1      | Reached XP level 1. HP: 10/10 MP: 6/6
   182 | D:1      | Reached XP level 2. HP: 15/15 MP: 4/7
   617 | D:1      | Reached XP level 3. HP: 15/19 MP: 2/9
   783 | D:1      | Learned a level 3 spell: Static Discharge
  1150 | D:2      | Found a white marble altar of Elyvilon.
  1219 | D:2      | Found a snail-covered altar of Cheibriados.
  1283 | D:2      | Found a blossoming altar of Fedhas.
  1283 | D:2      | Found a corrupted altar of Lugonu.
  1289 | D:2      | Found a shadowy altar of Dithmenos.
  1291 | D:2      | Found a shimmering altar of Xom.
  1292 | D:2      | Found a sparkling altar of Nemelex Xobeh.
  1579 | D:2      | Reached XP level 4. HP: 24/24 MP: 5/11
  1859 | D:2      | Noticed a sky beast
  1869 | D:2      | Slain by a sky beast

Skill      XL: |  1  2  3 |
---------------+----------+-----
Spellcasting   | 3 |  3.9
Conjurations   | 2 |  2.5
Dodging        | |  2.5
Stealth        | |  2.2
Air Magic      | |  4.9

Action                   |  1- 3 |  4- 6 || total
-------------------------+-------+-------++-------
Melee: Unarmed           |     1 |       ||     1
       Whip              |       |     4 ||     4
 Cast: Shock             |    88 |    14 ||   102
       Static Discharge  |     1 |       ||     1
  Use: Scroll            |       |     2 ||     2
  Eat: Chunk             |     4 |     1 ||     5
Armor: Robe              |     2 |     2 ||     4
Dodge: Dodged            |    17 |     2 ||    19
